 Dungeon Crawl Stone Soup version 0.29-a0-982-gaed3a0c8d8 (webtiles) character file.

Game seed: 14357400070285523879

13411 MisterAzrael the Cleaver (level 12, 0/112 HPs)
             Began as a Hill Orc Fighter on Aug 1, 2022.
             Was the Champion of Jiyva.
             Constricted to death by Jorgrun (13 damage)
             ... on level 1 of the Orcish Mines.
             The game lasted 00:12:13 (8377 turns).

MisterAzrael the Cleaver (Hill Orc Fighter)         Turns: 8377, Time: 00:12:13

Health: 0/112      AC: 10    Str: 24    XL:     12   Next: 5%
Magic:  12/12      EV:  9    Int:  8    God:    Jiyva [******]
Gold:   725        SH: 13    Dex: 16    Spells: 11/11 levels left

rFire   . . .      SeeInvis .   f - +4 war axe (elec)
rCold   + . .      Faith    .   g - +1 kite shield
rNeg    . . .      Spirit   .   y - +0 steam dragon scales
rPois   .          Reflect  .   n - +0 helmet
rElec   .          Harm     .   (no cloak)
rCorr   +          Rampage  .   (no gloves)
Will    +++..                   (no boots)
Stlth   +.........              (no amulet)
HPRegen 1.88/turn               l - +6 ring of dexterity
MPRegen 0.63/turn               C - ring of flight

@: grasped by roots, flying, constricted
A: cold resistance 1, strong-willed 3, sense surroundings 3, wild magic 1,
gelatinous body 2
a: Renounce Religion, Oozemancy, Slimify


You were on level 1 of the Orcish Mines.
You worshipped Jiyva.
Jiyva was exalted by your worship.
You visited 2 branches of the dungeon, and saw 12 of its levels.
You also visited: Bailey.

You collected 725 gold pieces.

Inventory:

Hand Weapons
 a - a +0 war axe
 f - a +4 war axe of electrocution (weapon)
 i - a +4 halberd
 m - the +2 hand axe "Syaqem" {freeze, rElec Dex+2 Stlth+}
   (You found it on level 3 of the Dungeon)

   It freezes those it strikes, dealing additional cold damage.
   It can also slow down cold-blooded creatures.
   Dex:       It affects your dexterity (+2).
   rElec:     It insulates you from electricity.
   Stlth:     It makes you more stealthy.
 t - a +2 spear of venom
Missiles
 e - 14 poisoned darts (quivered)
 A - 20 javelins
 B - 6 boomerangs
Armour
 b - a +0 scale mail
 c - a +0 buckler
 g - a +1 kite shield (worn)
 n - a +0 helmet (worn)
 y - +0 steam dragon scales (worn)
Jewellery
 l - a +6 ring of dexterity (left hand)
 x - an amulet of magic regeneration
 C - a ring of flight (right hand)
 F - a ring of magical power
Wands
 H - a wand of charming (6)
Scrolls
 j - 5 scrolls of identify
 k - a scroll of noise
 w - 3 scrolls of teleportation
 E - a scroll of fog {unknown}
Potions
 o - a potion of flight {unknown}
 p - 2 potions of curing
 q - a potion of magic
 r - 2 potions of attraction
 s - a potion of mutation {unknown}
 u - a potion of brilliance {unknown}
 v - 2 potions of haste {unknown}
 z - a potion of degeneration {unknown}
 D - a potion of berserk rage {unknown}
 G - a potion of lignification {unknown}


   Skills:
 + Level 11.8 Fighting
 + Level 12.4 Axes
 + Level 3.4 Throwing
 + Level 10.8 Armour
 + Level 10.8 Shields


You had 11 spell levels left.
You didn't know any spells.
Your spell library contained the following spells:

 Spells                   Type           Power      Damage    Failure   Level
 Sting                    Tmut/Pois      0%         1d3       75%         1
 Poisonous Vapours        Pois/Air       0%         N/A       86%         2
 Gell's Gravitas          Tloc           0%         N/A       97%         3
 Teleport Other           Tloc           0%         N/A       97%         3
 Olgreb's Toxic Radiance  Pois           0%         N/A       100%        4
 Dispersal                Tloc           0%         N/A       100%        6


Dungeon Overview and Level Annotations

Branches:
Dungeon (11/15)            Temple (0/1) D:4            Lair (0/5) D:10
    Orc (1/2) D:11         Bailey (visited)

Altars:
Ashenzari
Cheibriados
Dithmenos
Elyvilon
Kikubaaqudgha
Nemelex Xobeh
Okawaru
Ru
Sif Muna
Jiyva

Shops:
D:2 *!*[[

Annotations:
Orc:1 Jorgrun


Innate Abilities, Weirdness & Mutations

Your flesh is cold resistant. (rC+)
You are extremely strong-willed. (Will+++)
You passively map a large area around you.
Your spells are a little harder to cast, but a little more powerful.
Your pliable body absorbs attacks. (AC +2, EV +2)


Message History

You miss Jorgrun.
Jorgrun is lightly wounded.
You block Jorgrun's attack. The grasping roots constrict you!
* * * LOW HITPOINT WARNING * * *
You hear a distant slurping noise.
You feel much better. You block Jorgrun's attack.
The grasping roots constrict you.
You slash Jorgrun!
Jorgrun is moderately wounded.
Jorgrun hits you with a +0 vorpal quarterstaff!
The grasping roots constrict you!
* * * LOW HITPOINT WARNING * * *
Your rockslime misses Jorgrun.
You hear a distant slurping noise.
You hit Jorgrun but do no damage.
Jorgrun is moderately wounded.
You block Jorgrun's attack. The grasping roots constrict you!
* * * LOW HITPOINT WARNING * * *
Your rockslime hits Jorgrun!!!
Jorgrun stumbles backwards!
You hear a shout! x2
What are your orders? t - Shout!
Orders for allies: a - Attack new target. r - Retreat! s - Stop attacking. g - Guard the area. f - Follow me.
Anything else - Cancel.
Gang up on whom?
Press: ? - help, Dir - move target, f - Jorgrun
Aim: Jorgrun, wielding a +0 vorpal quarterstaff and wearing a +0 robe (heavily wounded, ally target) Attack!
Your rockslime hits Jorgrun!!
Jorgrun stumbles backwards!
An orc warrior comes into view. It is wielding a +0 flail.
An orc comes into view.
It is wielding a +1 short sword of speed.
Jorgrun hits your rockslime but does no damage.
The grasping roots constrict you!
* * * LOW HITPOINT WARNING * * *
Your rockslime hits Jorgrun!
Jorgrun holds his ground!
The roots grasp on you weakens, but your attempt to escape fails.
Jorgrun hits your rockslime but does no damage.
The grasping roots constrict you!
You die...

,,,,, * ** , ,
....#..#.#...# ,,
.#....oo......# ,
.............# , ,
..........#..*. , , ,
.....g......,.,, , ,
......J...##.# , ,
.........#.#.## ,
.......@....... *
,,...........#.##
....................#*
....>..............##
.................#####
.....>...........#.#.##
.............##.#.....#
.............#..##.#.##
......................#


You could see Jorgrun (distracted, ally target), an orc warrior, an orc and a
friendly rockslime (summoned).

Vanquished Creatures
  A two-headed ogre (D:11)
  An orc knight (Orc:1)
  A deep elf pyromancer (D:11)
  A cyclops (D:11)
  Maurice (D:10)
  A gargoyle (D:10)
  A kobold demonologist (D:11)
  A komodo dragon (D:10)
  4 wyverns
  Sigmund (D:6)
  A vampire (D:10)
  14 yaks
  2 steam dragons (D:8)
  5 vampire mosquitoes (D:11)
  3 wargs (D:10)
  2 water moccasins
  14 orc warriors
  A black bear (D:6)
  A sky beast (D:6)
  3 ice beasts
  An ogre (D:5)
  23 centaurs
  A kobold brigand (D:8)
  2 necrophages
  4 bullfrogs
  4 scorpions
  5 wights (D:6)
  11 killer bees
  3 howler monkeys
  4 hounds
  8 orc priests
  An iguana (D:5)
  8 orc wizards
  7 gnolls
  5 adders
  2 white imps
  50 orcs
  An endoplasm (D:1)
  5 giant cockroaches
  14 goblins
  6 hobgoblins
  4 jackals (D:1)
  3 quokkas
  7 ball pythons
  5 bats
  A frilled lizard (D:1)
  13 kobolds
  3 rats
260 creatures vanquished.

Vanquished Creatures (collateral kills)
  2 vampire mosquitoes (D:11)
2 creatures vanquished.

Vanquished Creatures (others)
  A kobold demonologist (D:10)
  A phantom (D:4)
  A killer bee (D:11)
  11 jellies
  A gnoll bouda (D:5)
  2 gnolls (D:5)
  A dart slug (D:2)
  An endoplasm (D:4)
  5 orcs
  2 goblins (D:4)
  A hobgoblin (D:4)
  3 kobolds
  3 quokkas
  A ball python (D:4)
  2 rats
  15 fungi (D:6)
  2 plants (D:10)
53 creatures vanquished.

Grand Total: 315 creatures vanquished

Notes
Turn   | Place    | Note
-------+----------+-------------------------------------------
     0 | D:1      | MisterAzrael the Hill Orc Fighter began the quest for the
                  | Orb.
     0 | D:1      | Reached XP level 1. HP: 19/19 MP: 1/1
   282 | D:1      | Reached XP level 2. HP: 27/27 MP: 2/2
   286 | D:1      | Reached skill level 3 in Axes
   920 | D:1      | Reached XP level 3. HP: 32/33 MP: 3/3
  1405 | D:1      | Found a faded altar of an unknown god.
  1436 | D:1      | Prayed at the altar of an unknown god.
  1436 | D:1      | Became a worshipper of Jiyva Jihedaet the Shapeless
  1436 | D:1      | Reached * piety under Jiyva
  1478 | D:2      | Found Odeas's General Store.
  1536 | D:2      | Found Zojerch's Distillery.
  1578 | D:2      | Found Umurer's Assorted Antiques.
  1712 | D:2      | Found Xuygusel's Armour Shop.
  1793 | D:2      | Reached XP level 4. HP: 41/41 MP: 4/4
  1806 | D:2      | Reached ** piety under Jiyva
  1842 | D:2      | Found Raesaum's Antique Armour Shoppe.
  1954 | D:3      | Identified the +2 hand axe "Syaqem" {freeze, rElec Dex+2
                  | Stlth+}
  2149 | D:3      | Reached skill level 4 in Axes
  2149 | D:3      | Reached XP level 5. HP: 32/47 MP: 5/5
  2705 | D:3      | Reached *** piety under Jiyva
  2705 | D:3      | You fall into a shaft and drop 1 floor!
  2809 | D:4      | Found a staircase to the Ecumenical Temple.
  2867 | D:4      | Killed a phantom
  2932 | D:4      | Gained mutation: Your rubbery body absorbs attacks. (AC +1,
                  | EV +1) [Jiyva's grace]
  2932 | D:4      | Gained mutation: Your pliable body absorbs attacks. (AC +2,
                  | EV +2) [Jiyva's grace]
  2932 | D:4      | Gained mutation: Your gelatinous body deflects attacks. (AC
                  | +3, EV +3) [Jiyva's grace]
  2932 | D:4      | Gained mutation: Your spells are a little harder to cast,
                  | but a little more powerful. [Jiyva's grace]
  3047 | D:4      | Found an iron altar of Okawaru.
  3252 | D:4      | Found a sacrificial altar of Ru.
  3406 | D:5      | Entered Level 5 of the Dungeon
  3417 | D:5      | Reached skill level 5 in Fighting
  3417 | D:5      | Reached XP level 6. HP: 56/56 MP: 6/6
  3483 | D:5      | Reached **** piety under Jiyva
  3531 | D:5      | Found a snail-covered altar of Cheibriados.
  3538 | D:5      | Found a sparkling altar of Nemelex Xobeh.
  3539 | D:5      | Found a white marble altar of Elyvilon.
  3625 | D:5      | Reached skill level 5 in Axes
  3775 | D:5      | Noticed a wyvern
  3789 | D:5      | Reached skill level 5 in Armour
  3789 | D:5      | Reached skill level 5 in Shields
  3789 | D:5      | Killed a wyvern
  3790 | D:5      | Reached XP level 7. HP: 28/62 MP: 7/7
  4025 | D:5      | Reached skill level 6 in Axes
  4035 | D:5      | Reached XP level 8. HP: 41/71 MP: 8/8
  4344 | D:6      | Reached skill level 7 in Axes
  4377 | D:6      | Found a shimmering blue altar of Sif Muna.
  4412 | D:6      | Noticed Sigmund
  4421 | D:6      | Killed Sigmund
  4476 | D:6      | Found a shadowy altar of Dithmenos.
  4566 | D:6      | HP: 1/68 [wight/+4 halberd (10)]
  4567 | D:6      | Reached XP level 9. HP: 1/79 MP: 9/9
  4578 | D:6      | Reached skill level 8 in Axes
  4628 | D:6      | Reached ***** piety under Jiyva
  4933 | D:7      | Lost mutation: Your gelatinous body deflects attacks. (AC
                  | +3, EV +3) [Jiyva's grace]
  4933 | D:7      | Gained mutation: You are strong-willed. (Will+) [Jiyva's
                  | grace]
  4933 | D:7      | Gained mutation: You are highly strong-willed. (Will++)
                  | [Jiyva's grace]
  4933 | D:7      | Gained mutation: You are extremely strong-willed. (Will+++)
                  | [Jiyva's grace]
  4933 | D:7      | Gained mutation: Your body has grown eyes which may confuse
                  | attackers. (Acc +3) [Jiyva's grace]
  5175 | D:8      | Reached skill level 9 in Axes
  5253 | D:8      | Reached XP level 10. HP: 50/91 MP: 10/10
  5761 | D:9      | Found a broken altar of Ashenzari.
  5903 | D:9      | Reached skill level 10 in Axes
  6339 | D:10     | Entered Level 10 of the Dungeon
  6340 | D:10     | Found a staircase to the Lair.
  6457 | D:10     | Reached skill level 10 in Fighting
  6639 | D:10     | Lost mutation: Your body has grown eyes which may confuse
                  | attackers. (Acc +3) [Jiyva's grace]
  6639 | D:10     | Gained mutation: You passively map a small area around you.
                  | [Jiyva's grace]
  6639 | D:10     | Gained mutation: You passively map the area around you.
                  | [Jiyva's grace]
  6639 | D:10     | Gained mutation: You passively map a large area around you.
                  | [Jiyva's grace]
  6639 | D:10     | Gained mutation: Your flesh is cold resistant. (rC+)
                  | [Jiyva's grace]
  6712 | D:10     | Killed a kobold demonologist
  6726 | D:10     | Found a flagged portal.
  6733 | D:10     | Reached skill level 11 in Axes
  6735 | D:10     | Reached XP level 11. HP: 73/101 MP: 11/11
  6816 | Bailey   | Entered a bailey
  6999 | Bailey   | Reached ****** piety under Jiyva
  7069 | Bailey   | Reached skill level 10 in Shields
  7104 | Bailey   | Reached skill level 1 in Throwing
  7104 | Bailey   | Reached skill level 10 in Armour
  7475 | D:10     | Noticed Maurice
  7489 | D:10     | Killed Maurice
  7634 | D:10     | Found an ancient bone altar of Kikubaaqudgha.
  7768 | D:11     | Noticed a two-headed ogre
  7775 | D:11     | Killed a two-headed ogre
  7784 | D:11     | Reached skill level 12 in Axes
  7825 | D:11     | Noticed a cyclops
  7832 | D:11     | Noticed a soul eater
  7839 | D:11     | Killed a cyclops
  7839 | D:11     | Noticed a deep elf pyromancer
  7858 | D:11     | Killed a deep elf pyromancer
  7963 | D:11     | Found a staircase to the Orcish Mines.
  8253 | Orc:1    | Entered Level 1 of the Orcish Mines
  8257 | Orc:1    | Noticed an orc knight
  8272 | Orc:1    | Killed an orc knight
  8273 | Orc:1    | Reached XP level 12. HP: 61/111 MP: 12/12
  8365 | Orc:1    | Noticed Jorgrun
  8377 | Orc:1    | Constricted to death by Jorgrun

Illustrated notes

Levels and vault maps discovered:
D:1:      lightli_arrival_chessboard, layout_loops_corners,
          dreamdust_ecumenical_altar_angels_and_demons, kennysheep_doodads
D:2:      layout_rooms, serial_shops, nicolae_shop_stone, shop,
          nicolae_shop_advertising_works [nicolae_subvault_shop_adworks], shop,
          nicolae_shop_waterfront, chequers_hall_statues_corner_a
D:3:      layout_basic
D:4:      layout_cave_pods, hangedman_ru_absence, mainiacjoe_overflow_24_doors,
          minmay_temple_entry_statues, grunt_ministairs_3
D:5:      layout_cave_pods, minitemple, due_unseen_surprise
D:6:      layout_rooms, mainiacjoe_overflow_big_doors, serial_aquarium,
          aquarium_bridge_square [aquarium_subvault_bridge,
          aquarium_subvault_window, aquarium_subvault_bridge,
          aquarium_subvault_bridge], aquarium_bridge_long_separate
          [aquarium_subvault_window, aquarium_subvault_wall,
          aquarium_subvault_bridge, aquarium_subvault_bridge,
          aquarium_subvault_balcony, aquarium_subvault_bridge],
          aquarium_window_fake, aquarium_window_3, aquarium_window_fake,
          aquarium_view_2g, aquarium_balcony_3a, aquarium_pool_split,
          uniq_sigmund
D:7:      layout_rooms
D:8:      layout_gridville
D:9:      layout_loops_corners, overflow_temple_1_default
D:10:     layout_roguey, kiku_gazebo_pond_becter, erik_lair_orcish_takeover,
          enter_bailey_5, centaur_isle, uniq_maurice
D:11:     layout_rooms, orc_0_dummy, minmay_misc_feat_rows
Orc:1:    layout_caves, uniq_snorg, uniq_jorgrun

Skill      XL: |  1  2  3  4  5  6  7  8  9 10 11 |
---------------+----------------------------------+-----
Axes           | 3 4 5 6 7 9 11 12 | 12.4
Fighting       | 4 5 6 7 9 10 11 | 11.8
Armour         | 4 5 7 8 9 10 | 10.8
Shields        | 4 5 7 8 9 10 | 10.8
Throwing       | 3 |  3.4

Action                   |  1- 3 |  4- 6 |  7- 9 | 10-12 || total
-------------------------+-------+-------+-------+-------++-------
Melee: War axe           |   124 |     2 |    92 |   382 ||   600
       Hand axe          |       |   104 |   116 |       ||   220
  Use: Potion            |       |     1 |     6 |     6 ||    13
       Scroll            |       |       |     6 |     6 ||    12
 Stab: Confused          |       |       |     2 |     2 ||     4
       Sleeping          |       |       |       |     1 ||     1
Armor: Scale mail        |    60 |    29 |    95 |       ||   184
       Steam dragon scal |       |       |       |   119 ||   119
Dodge: Dodged            |    57 |    42 |   114 |   251 ||   464
Block: Buckler           |    14 |       |       |       ||    14
       Kite shield       |    23 |    58 |   155 |   376 ||   612

Table legend: (Time is in decaauts)
 A = Elapsed time spent in this place.
 B = Non-inter-level travel time spent in this place.
 C = Inter-level travel time spent in this place.
 D = Time resting spent in this place.
 E = Time spent auto-exploring this place.
 F = Levels seen in this place.
 G = Mean time per level.
                   A        B        C        D        E       F      G
               +--------+--------+--------+--------+--------+-----+--------+
         Total |   8520 |   8251 |    269 |    402 |   5879 |  13 |  655.4 |
       Dungeon |   7826 |   7558 |    268 |    358 |   5667 |  11 |  711.5 |
  Orcish Mines |    123 |    123 |      0 |     26 |     52 |   1 |  123.0 |
        Bailey |    570 |    570 |      0 |     18 |    160 |   1 |  570.0 |
               +--------+--------+--------+--------+--------+-----+--------+

Top non-repeatable levels by time:
     D:1: 1512 daAuts
    D:10: 848 daAuts
     D:3: 780 daAuts
     D:9: 770 daAuts
     D:5: 730 daAuts
     D:4: 708 daAuts
     D:6: 614 daAuts
  Bailey: 570 daAuts
    D:11: 511 daAuts
     D:2: 480 daAuts
     D:7: 444 daAuts
     D:8: 423 daAuts
   Orc:1: 123 daAuts
